Map: Simulacrum LE

Players

BloodFisher - Winner!

  • Race: Protoss Protoss
  • League: Gold
  • Spawn Location: 11:00

Massa

  • Race: Terran Terran
  • League: Gold
  • Spawn Location: 5:00

VOD

Have the link to the VOD?

Description

Time

  • Played on: May 27, 2020, 1 p.m.
  • Length: 9:25
Show
View Real Time Build Order
Export as new Build Order

BloodFisher Protoss - Winner!

Build Orders: Colossus Rush 

Get SALT Encoding   

  12  0:01  Probe  
  13  0:13  Probe  
  14  0:20  Pylon  
  14  0:25  Probe  
  15  0:38  Gateway  
  15  0:39  Probe  
  16  0:48  Assimilator  
  16  0:51  Probe  
  16  0:55  Assimilator  
  17  1:03  Probe  
  18  1:15  Probe  
  19  1:26  Cybernetics Core  
  19  1:27  Probe  
  20  1:34  Pylon  
  20  1:39  Probe  
  21  1:58  Probe  
  21  2:00  Stalker (Chrono Boost)  
  22  2:05  Warp Gate  
  24  2:24  Gateway  
  24  2:25  Stalker  
  26  2:34  Robotics Facility  
  26  2:38  Pylon  
  26  2:43  Pylon  
  26  2:45  Probe  
  27  2:57  Probe  
  28  3:09  Gateway  
  28  3:10  Gateway  
  28  3:17  Pylon  
  28  3:22  Immortal (Chrono Boost)  
  28  3:26  Twilight Council  
  32  3:38  Shield Battery  
  32  3:40  Probe  
  33  3:55  Observer (Chrono Boost)  
  34  4:00  Charge (Chrono Boost)  
  34  4:07  Zealot x3  
  34  4:08  Zealot  
  42  4:30  Nexus  
  42  4:37  Probe  
  43  4:38  Assimilator  
  43  4:48  Zealot  
  45  4:59  Observer, Robotics Bay  
  45  5:13  Zealot  
  45  5:14  Zealot x2  
  51  5:31  Observer (Chrono Boost)  
  52  5:45  Forge  
  52  5:49  Colossus (Chrono Boost)  
  52  5:51  Extended Thermal Lance  
  52  5:54  Probe x2  
  60  6:30  Colossus (Chrono Boost)  
  66  6:37  Zealot x2  
  70  6:44  Pylon  
  70  6:47  Pylon  
  70  7:15  Zealot x3  
  62  7:16  Zealot  
  66  7:40  Observer  
  66  7:49  Observer  
  58  7:53  Immortal (Chrono Boost)  
  58  7:54  Zealot x4  
  70  8:16  Zealot  
  70  8:17  Zealot x3  
  78  8:22  Warp Prism (Chrono Boost)  
  74  9:22  Stalker x3  
  74  9:23  Stalker  
Show
View Real Time Build Order
Export as new Build Order

Massa Terran 

Build Orders:  

Get SALT Encoding   

  12  0:11  Supply Depot  
  12  0:14  SCV  
  13  0:27  SCV  
  14  0:36  Barracks  
  14  0:39  SCV  
  15  0:50  Supply Depot  
  15  0:52  SCV  
  16  1:04  SCV  
  17  1:16  SCV  
  18  1:26  Barracks  
  18  1:27  Marine  
  18  1:28  SCV  
  20  1:40  SCV  
  21  1:49  Marine  
  21  1:52  SCV  
  23  1:55  Refinery  
  23  1:57  Barracks  
  23  2:12  Marine  
  23  2:15  Marine  
  25  2:20  Supply Depot  
  25  2:26  Supply Depot  
  25  2:30  Marine  
  25  2:33  Marine  
  25  2:34  Engineering Bay  
  27  2:37  Refinery  
  27  2:46  Orbital Command  
  27  2:47  Marine  
  27  2:51  Marine  
  28  3:06  Barracks Tech Lab  
  28  3:14  Factory  
  28  3:18  Marine x2  
  30  3:29  Missile Turret  
  30  3:36  Marine  
  30  3:40  Missile Turret  
  31  3:44  Marauder  
  31  3:45  Marine  
  31  3:46  SCV  
  35  3:50  Missile Turret  
  35  3:58  SCV  
  35  3:59  Factory Tech Lab  
  35  4:00  Marine  
  37  4:04  Barracks Reactor  
  37  4:06  Terran Infantry Weapons Level 1  
  37  4:16  Marauder  
  39  4:18  Marine  
  40  4:30  Supply Depot  
  40  4:41  Siege Tank  
  43  4:59  Marauder, Marine x2  
  46  5:00  Marine  
  48  5:09  Missile Turret  
  48  5:21  Marauder  
  50  5:35  Command Center  
  50  5:42  Missile Turret  
  50  5:45  Siege Tank  
  53  5:50  Supply Depot  
  53  6:02  Marauder  
  55  6:11  Marine x2  
  55  6:12  SCV  
  58  6:24  SCV  
  59  6:34  Combat Shield  
  59  6:54  SCV  
  59  7:00  Missile Turret  
  60  7:06  SCV  
  54  7:18  SCV  
  54  7:21  Missile Turret  
  55  7:28  Orbital Command  
  55  7:31  SCV  
  56  7:39  Command Center  
  56  7:42  Starport  
  56  7:43  SCV  
  29  7:52  Marauder  
  29  7:55  SCV  
  29  7:58  Siege Tank  
  35  8:00  SCV  
  36  8:06  Bunker  
  36  8:07  SCV  
  36  8:10  Marine x2  
  36  8:11  Marine  
  40  8:14  Marauder  
  42  8:28  Marine  
  42  8:30  Siege Tank  
  46  8:35  Marauder  
  36  8:50  Orbital Command  
  34  8:57  Marauder  
  34  9:02  Marine x2  
Tags
 
League
GoldGold
Matchup
PvT
Replay Pack
Multiplayer
Spawn Locations
Cross Positions
Add a new tag
Caveats
  • Supply blocks, unpowered buildings, or Contaminate may cause inaccurate times.
  • Supply counts are checked every 10 seconds.